 Dungeon Crawl Stone Soup version 0.30.1-3-gfc49f6343a (webtiles) character file.

Game seed: 13551994556224744193

6160 Anriel the Skirmisher (level 10, -4/59 HPs)
             Began as a Deep Elf Hunter on Aug 3, 2023.
             Was an Initiate of Okawaru.
             Slain by a troll (9 damage)
             ... on level 9 of the Dungeon.
             The game lasted 00:52:08 (7597 turns).

Anriel the Skirmisher (Deep Elf Hunter)             Turns: 7597, Time: 00:52:09

Health: -4/59      AC: 10    Str: 12    XL:     10   Next: 60%
Magic:  19/19      EV: 23    Int: 15    God:    Okawaru [......]
Gold:   100        SH:  0    Dex: 24    Spells: 15/19 levels left

rFire   . . .        a - +0 shortbow (flame)
rCold   . . .        (shield currently unavailable)
rNeg    . . .        i - +1 robe of Restlessness {Regen+ Str-2 Dex+2}
rPois   .            p - +1 helmet
rElec   .            g - scarf {repulsion}
rCorr   .            I - +2 pair of gloves
SInv    .            H - +0 pair of boots
Will    +....        (no amulet)
Stlth   +++          u - +5 ring of evasion
HPRegen 1.09/turn    D - +6 ring of strength
MPRegen 0.16/turn

%: repel missiles
@: marked
A: no striking features
a: Renounce Religion


You were on level 9 of the Dungeon.
You worshipped Okawaru.
Okawaru was noncommittal.
You visited 2 branches of the dungeon, and saw 10 of its levels.

You collected 597 gold pieces.
You spent 497 gold pieces at shops.

Inventory:

Hand Weapons
 a - a +0 shortbow of flaming (weapon)
 l - a +0 arbalest of freezing
Missiles
 w - 2 throwing nets
Armour
 c - a +0 leather armour
 g - a scarf of repulsion (worn)
 i - the +1 robe of Restlessness (worn) {Regen+ Str-2 Dex+2}
   (You found it on level 5 of the Dungeon)

   Str:       It affects your strength (-2).
   Dex:       It affects your dexterity (+2).
   Regen:     It increases your rate of health regeneration.
 p - a +1 helmet (worn)
 v - a +0 cloak
 z - the +5 scale mail of Supple Strength {Fly rN++ Will- rCorr}
   (You took it off an orc on level 5 of the Dungeon)

   rN:        It greatly protects you from negative energy.
   Fly:       It grants you flight.
   rCorr:     It protects you from acid and corrosion.
   Will:      It decreases your willpower.
 H - a +0 pair of boots (worn)
 I - a +2 pair of gloves (worn)
Jewellery
 u - a +5 ring of evasion (left hand)
 y - a ring of ice
 D - a +6 ring of strength (right hand)
 E - a +6 ring of intelligence
 K - a ring of ice
 N - a ring of positive energy
Wands
 q - a wand of flame (24)
 x - a wand of paralysis (33)
 A - a wand of mindburst (23)
 B - a wand of iceblast (11)
 F - a wand of polymorph (10)
Scrolls
 b - 2 scrolls of immolation
 k - 3 scrolls of fog
 m - 4 scrolls of teleportation
 n - 4 scrolls of amnesia
 o - 3 scrolls of blinking
 L - a scroll of noise {unknown}
Potions
 d - 4 potions of brilliance
 f - 2 potions of curing
 r - a potion of might
 s - a potion of berserk rage
 t - 2 potions of cancellation
 C - a potion of haste
 G - a potion of flight
 J - 2 potions of magic
Miscellaneous
 M - a lightning rod (4/4)


   Skills:
 - Level 5.5 Fighting
 * Level 11.1 Ranged Weapons
 + Level 6.4 Armour
 + Level 7.5 Dodging
 - Level 5.0 Stealth
 - Level 5.0 Spellcasting
 + Level 1.6 Conjurations
 - Level 6.2 Evocations


You had 15 spell levels left.
You knew the following spells:

 Your Spells              Type           Power      Damage    Failure   Level
a - Foxfire               Conj/Fire      24%        2x1d5     12%         1
b - Volatile Blastmotes   Fire/Tloc      6%         2d10      43%         3

Your spell library contained the following spells:

 Spells                   Type           Power      Damage    Failure   Level
 Magic Dart               Conj           32%        1d4       9%          1
 Dazzling Flash           Conj/Hex       12%        N/A       34%         3
 Gell's Gravitas          Tloc           3%         N/A       43%         3
 Teleport Other           Tloc           3%         N/A       43%         3
 Iskenderun's Mystic Bla  Conj/Tloc      6%         2d4       75%         4
 Dispersal                Tloc           1%         N/A       100%        6
 Iron Shot                Conj/Erth      3%         9d2       100%        6
 Starburst                Conj/Fire      3%         6d3       100%        6
 Summon Small Mammal      Summ           Unusable   N/A       N/A         1
 Call Canine Familiar     Summ           Unusable   N/A       N/A         3
 Summon Guardian Golem    Hex/Summ       Unusable   N/A       N/A         3
 Death Channel            Necr           Unusable   N/A       N/A         6

Dungeon Overview and Level Annotations

Branches:
Dungeon (9/15)             Temple (1/1) D:6            Lair (0/5) D:8
    Orc: D:9-12

Altars:
Ashenzari
Cheibriados
Dithmenos
Elyvilon
Fedhas
Gozag
Hepliaklqana
Kikubaaqudgha
Makhleb
Nemelex Xobeh
Okawaru
Qazlal
Ru
Sif Muna
Trog
Uskayaw
Vehumet
Wu Jian
Yredelemnul
The Shining One

Shops:
D:2 ?:   D:8 ![(?(

Annotations:
D:5 2 transporters, zen1337's ghost, novice DsCj


Message History

You shoot an arrow. The arrow hits the troll.
The arrow burns the troll.
The troll is lightly wounded.
An adder comes into view.
The troll misses you. The troll completely misses you. The troll claws you.
You shoot an arrow. The arrow hits the troll!
The arrow burns the troll.
The troll is heavily wounded.
The troll completely misses you. The troll claws you but does no damage.
The troll claws you.
You shoot an arrow. The arrow hits the troll!
The arrow burns the troll.
The troll is severely wounded.
A ball python comes into view.
An adder comes into view.
The troll bites you! The troll completely misses you.
The troll closely misses you.
The ball python moves out of view.
You are too injured to fight recklessly!
You are too injured to fight recklessly!
You are too injured to fight recklessly!
Fire: a) +0 shortbow (flame)
Press: ? - help, Q - select action, (/) - cycle Shift-Dir - straight line, f/p - troll
Aim: a troll (severely wounded, 71% to hit)
You shoot an arrow. The arrow barely misses the troll.
The arrow completely misses the adder.
The arrow closely misses the adder.
The troll bites you. The troll completely misses you. The troll misses you.
Fire: a) +0 shortbow (flame)
Press: ? - help, Q - select action, (/) - cycle Shift-Dir - straight line, f/p - troll
Aim: a troll (severely wounded, 71% to hit)
You shoot an arrow. The arrow hits the troll!
The arrow burns the troll.
The troll is almost dead.
The troll misses you. x2; The troll claws you!
* * * LOW HITPOINT WARNING * * *
Fire: a) +0 shortbow (flame)
Press: ? - help, Q - select action, (/) - cycle Shift-Dir - straight line, f/p - troll
Aim: a troll (almost dead, 71% to hit)
You shoot an arrow.
The arrow hits the troll but does no damage.
The troll is almost dead.
The troll bites you!
* * * LOW HITPOINT WARNING * * *
The troll closely misses you. The troll claws you!
You die...

#.## ......#.##
########.##..#.......
... #...........# ...
.S. ..######.#### ...
.... #..# #.# ...#
#.## #.##..# #.#
#.S... #.# #####SS#
##.# ##..@TSS#
#..#####..####S#
#.###....## .)#
#.##..#### #...
#.##.## #### #†##.#
#....# #..### ####


You could see a troll, 4 adders and 2 ball pythons.

Vanquished Creatures
  Pikel (D:5)
  Grinder (D:4)
  6 yaks (D:7)
  A vampire (D:9)
  2 water moccasins
  Duvessa (D:6)
  2 ice beasts
  2 ogres
  7 orc warriors
  A black bear (D:6)
  3 sky beasts
  A centaur (D:9)
  A phantom (D:3)
  2 bullfrogs
  3 scorpions
  12 wights
  Dowan (D:6)
  12 killer bees
  4 hounds
  3 iron imps (D:9)
  3 jellies
  A gnoll bouda (D:6)
  6 orc priests
  3 iguanas
  14 orc wizards
  4 gnolls (D:6)
  5 adders
  A shadow imp (D:6)
  3 white imps
  2 ufetubi
  A worm (D:3)
  6 dart slugs
  33 orcs
  3 ball pythons
  4 bats (D:1)
  12 endoplasms
  4 giant cockroaches
  7 hobgoblins
  2 jackals (D:2)
  7 kobolds
  2 quokkas
  4 frilled lizards
  6 goblins
  5 rats
204 creatures vanquished.

Vanquished Creatures (others)
  2 foxfires (D:9)
2 creatures vanquished.

Grand Total: 206 creatures vanquished

Notes
Turn   | Place    | Note
-------+----------+-------------------------------------------
     0 | D:1      | Anriel the Deep Elf Hunter began the quest for the Orb.
     0 | D:1      | Reached XP level 1. HP: 12/12 MP: 3/3
    85 | D:1      | Reached XP level 2. HP: 16/17 MP: 4/4
   418 | D:1      | Reached XP level 3. HP: 21/21 MP: 5/5
  1090 | D:2      | Found The Oracle's Delphic Readings.
  1094 | D:2      | Bought a scroll of teleportation for 30 gold pieces
  1094 | D:2      | Bought a scroll of identify for 20 gold pieces
  1094 | D:2      | Bought a scroll of blinking for 75 gold pieces
  1174 | D:2      | Found Foixti's Book Emporium.
  1660 | D:3      | Noticed a phantom
  1715 | D:3      | Killed a phantom
  1716 | D:3      | Reached skill level 6 in Ranged Weapons
  1716 | D:3      | Reached XP level 4. HP: 27/27 MP: 6/6
  1965 | D:3      | Reached XP level 5. HP: 32/32 MP: 7/7
  2207 | D:4      | Noticed an ogre
  2376 | D:4      | Killed an ogre
  2390 | D:4      | Reached XP level 6. HP: 37/37 MP: 8/8
  2685 | D:4      | Noticed Grinder
  2699 | D:4      | Killed Grinder
  2822 | D:4      | Reached XP level 7. HP: 43/43 MP: 9/9
  3111 | D:5      | Entered Level 5 of the Dungeon
  3111 | D:5      | Found a transporter.
  3133 | D:4      | Reached skill level 7 in Ranged Weapons
  3229 | D:5      | Reached skill level 5 in Dodging
  3415 | D:5      | Identified the +1 robe of Restlessness {Regen+ Str-2 Dex+2}
  3472 | D:5      | Reached skill level 5 in Stealth
  3622 | D:5      | Noticed Pikel
  3630 | D:5      | Killed Pikel
  3631 | D:5      | Reached skill level 5 in Fighting
  3631 | D:5      | Reached XP level 8. HP: 50/50 MP: 9/14
  3669 | D:5      | Found a transporter.
  3672 | D:5      | Noticed zen1337's ghost (novice DsCj)
  3672 | D:5      | Identified the +10 giant club "Hotownyo" {flame, rPois
                  | Str+3}
  3776 | D:5      | Reached skill level 8 in Ranged Weapons
  3836 | D:5      | Reached skill level 1 in Armour
  4120 | D:5      | Identified the +5 scale mail of Supple Strength {Fly rN++
                  | Will- rCorr}
  4486 | D:6      | Found a snail-covered altar of Cheibriados.
  4529 | D:6      | Reached XP level 9. HP: 50/54 MP: 17/17
  4766 | D:6      | Found a hazy altar of Hepliaklqana.
  4832 | D:6      | Noticed Dowan
  4833 | D:6      | Noticed Duvessa
  4978 | D:6      | Reached skill level 9 in Ranged Weapons
  5091 | D:6      | Found a staircase to the Ecumenical Temple.
  5106 | D:6      | Reached skill level 5 in Spellcasting
  5138 | Temple   | Entered the Ecumenical Temple
  5412 | D:6      | Found a blossoming altar of Fedhas.
  5413 | D:6      | Found a sacrificial altar of Ru.
  5458 | D:6      | Killed Duvessa
  5470 | D:6      | Killed Dowan
  5575 | D:7      | Found a stormy altar of Qazlal.
  5708 | D:7      | Reached skill level 5 in Evocations
  5757 | D:7      | Reached skill level 5 in Armour
  5909 | D:7      | Reached skill level 10 in Ranged Weapons
  5909 | D:7      | Reached XP level 10. HP: 59/59 MP: 19/19
  6060 | D:7      | Found a radiant altar of Vehumet.
  6064 | D:7      | Became a worshipper of Vehumet
  6377 | D:7      | Found an ornate altar of the Wu Jian Council.
  6578 | D:8      | Found a staircase to the Lair.
  6603 | D:8      | Got the Atlas of Injurious Despair
  6663 | D:8      | Found a sparkling altar of Nemelex Xobeh.
  6737 | D:8      | Found Isoc's Armour Shop.
  6751 | D:8      | Bought a +0 pair of boots for 54 gold pieces
  6751 | D:8      | Bought a +2 pair of gloves for 198 gold pieces
  6806 | D:8      | Found Xustruxoor's Distillery.
  6810 | D:8      | Bought a potion of curing for 33 gold pieces
  6810 | D:8      | Bought a potion of heal wounds for 55 gold pieces
  6977 | D:8      | Found Sanoc's Weapon Shoppe.
  7016 | D:8      | Found Muifo Naall's Weapon Boutique.
  7067 | D:8      | Found Duceb's Magic Scroll Shop.
  7075 | D:8      | Bought a scroll of identify for 32 gold pieces
  7240 | D:9      | Learned a level 1 spell: Foxfire
  7244 | D:9      | Learned a level 3 spell: Volatile Blastmotes
  7254 | D:9      | Found an iron altar of Okawaru.
  7328 | D:9      | Fell from the grace of Vehumet
  7328 | D:9      | Became a worshipper of Warmaster Okawaru
  7387 | D:9      | Found a burning altar of Makhleb.
  7511 | D:9      | Reached skill level 1 in Conjurations
  7577 | D:9      | Reached skill level 11 in Ranged Weapons
  7597 | D:9      | Slain by a troll

Illustrated notes

Levels and vault maps discovered:
D:1:      dpeg_arrival_long_road, layout_basic
D:2:      layout_rooms, serial_shops, shop, kennysheep_crisscross,
          nicolae_nh_oracle_at_delphi
D:3:      layout_basic, minmay_fractal_squares_gapless_5
D:4:      layout_gridville, uniq_grinder
D:5:      layout_gridville, gammafunk_ghost_smash, uniq_pikel
D:6:      layout_basic, nicolae_overflow_crystal_walls, jmf_multi_god_temple,
          mainiacjoe_overflow_six_doors_small, minmay_temple_entry_stoned_glass,
          chequers_serial_rivers_micro_c, uniq_duvessa
D:7:      layout_basic, nicolae_wu_jian_immortal_techniques,
          mainiacjoe_overflow_alcove_1, grunt_qazlal_clouds,
          minmay_misc_feat_secret_circle, grunt_ministairs_8
D:8:      layout_loops_ring, nemelex_xobeh_ov_fountains_minmay,
          lair_entry_dummy, serial_shops, nicolae_shop_trees, shop,
          nicolae_shop_pleasant_corner_grove, shop, nicolae_shop_waterfront
D:9:      layout_rooms, mainiacjoe_overflow_brackets, demons_altar,
          minmay_misc_feat_room, introduction_to_nature_1, uniq_harold
Temple:   jpeg_temple_alley_garden

Skill      XL: |  1  2  3  4  5  6  7  8  9 10 |
---------------+-------------------------------+-----
Fighting       | 2 3 4 5 |  5.5
Stealth        | 2 3 4 5 |  5.0
Dodging        | 3 4 5 6 7 |  7.5
Ranged Weapons | 6 7 8 10 11 | 11.1
Spellcasting   | 2 4 5 |  5.0
Evocations     | 2 3 5 6 |  6.2
Armour         | 2 5 6 |  6.4
Conjurations   | 1 |  1.6

Action                     |  1- 3 |  4- 6 |  7- 9 | 10-12 || total
---------------------------+-------+-------+-------+-------++-------
  Melee: Shortbow          |       |       |     4 |       ||     4
   Fire: Shortbow          |   142 |    65 |   403 |   229 ||   839
   Cast: Foxfire           |       |       |       |     1 ||     1
    Use: Scroll            |    10 |     3 |     8 |     4 ||    25
         Potion            |     1 |       |     6 |     5 ||    12
 Armour: Leather armour    |     9 |     6 |     7 |       ||    22
         Robe              |       |       |    27 |     9 ||    36
         Skin              |       |       |       |    48 ||    48
  Dodge: Dodged            |    29 |    23 |   266 |   102 ||   420
         Repelled          |     1 |     2 |     1 |       ||     4
